 Dungeon Crawl Stone Soup version 0.31-a0-4-gefa6de2278 (webtiles) character file.

Game seed: 1118423199012499974

1485 asti the Basher (level 8, -11/71 HPs)
             Began as a Minotaur Fighter on May 4, 2023.
             Mangled by an orc
             ... wielding a +0 hand axe of electrocution
              (13 damage)
             ... on level 7 of the Dungeon.
             The game lasted 00:07:15 (4481 turns).

asti the Basher (Minotaur Fighter)                  Turns: 4481, Time: 00:07:15

Health: -11/71     AC:  8    Str: 23    XL:     8   Next: 50%
Magic:  7/7        EV: 15    Int:  5    God:
Gold:   318        SH:  9    Dex: 10    Spells: 7/7 levels left

rFire   . . .        a - +0 flail
rCold   . . .        r - +0 kite shield
rNeg    . . .        c - +5 leather armour "Umeoc" {Rampage}
rPois   .            (helmet restricted)
rElec   .            s - scarf {harm}
rCorr   .            (no gloves)
SInv    .            (no boots)
Will    .....        (no amulet)
Stlth   +            g - +5 ring of evasion
HPRegen 0.31/turn    (no ring)
MPRegen 0.10/turn

%: harm (+30% outgoing, +20% incoming), rampage
@: no status effects
A: horns 2, retaliatory headbutt
a: no special abilities


You were on level 7 of the Dungeon.
You visited 1 branch of the dungeon, and saw 7 of its levels.

You collected 318 gold pieces.

Inventory:

Hand Weapons
 a - a +0 flail (weapon)
Armour
 c - the +5 leather armour "Umeoc" (worn) {Rampage}
   (You found it on level 4 of the Dungeon)

   Rampage:   It bestows one free step when moving towards enemies.
 f - a +0 chain mail
 r - a +0 kite shield (worn)
 s - a scarf of harm (worn)
Jewellery
 g - a +5 ring of evasion (left hand)
Wands
 q - a wand of iceblast (11)
 w - a wand of flame (12)
Scrolls
 b - 8 scrolls of identify {unknown}
 e - 2 scrolls of teleportation {unknown}
 h - 2 scrolls of poison {unknown}
 i - 2 scrolls of fog {unknown}
 j - 2 scrolls of amnesia {unknown}
 n - 2 scrolls of brand weapon {unknown}
 t - a scroll of vulnerability {unknown}
 u - a scroll of immolation {unknown}
 y - a scroll of summoning {unknown}
Potions
 d - 2 potions of might
 k - 2 potions of curing
 l - 2 potions of ambrosia {unknown}
 m - 4 potions of degeneration {unknown}
 o - a potion of lignification {unknown}
 p - 2 potions of brilliance {unknown}
 v - a potion of berserk rage {unknown}
 x - a potion of heal wounds {unknown}
 z - a potion of cancellation {unknown}


   Skills:
 + Level 6.7 Fighting
 * Level 8.4 Maces & Flails
 + Level 6.7 Armour
 + Level 6.7 Shields


You had 7 spell levels left.
You didn't know any spells.
Your spell library was empty.

Dungeon Overview and Level Annotations

Branches:
Dungeon (7/15)
 Temple: D:4-7

Altars:
Kikubaaqudgha
Sif Muna
Wu Jian
Yredelemnul
The Shining One

Shops:
D:4 *


Innate Abilities, Weirdness & Mutations

You have a pair of horns on your head.
You reflexively headbutt those who attack you in melee.


Message History

The orc priest calls down the wrath of Beogh upon you.
Beogh smites you!
An orc comes into view. It is wielding a +0 hand axe.
You rampage towards the orc!
You hit the orc.
You kill the orc!
The orc hits you but does no damage.
You are electrocuted!
An orc comes into view. It is wielding a +0 mace.
The orc shouts!
You hit the orc.
The orc is almost dead.
You hear a shout!
You block the orc's attack. The orc hits you but does no damage.
You closely miss the orc.
The orc is almost dead.
The orc hits you with a +0 falchion. You block the orc's attack.
You sock the orc!
You kill the orc!
The orc closely misses you.
You closely miss the acid dragon. The orc misses you. You furiously retaliate!
You headbutt the orc. The acid dragon bites you! The acid dragon claws you.
You hit the acid dragon but do no damage.
You block the orc's attack. You block the acid dragon's attack. x2
You thump the acid dragon!
The acid dragon is moderately wounded.
The orc hits you with a +0 hand axe of electrocution.
* * * LOW HITPOINT WARNING * * *
You are electrocuted!
* * * LOW HITPOINT WARNING * * *
The orc wizard mumbles some strange words.
The orc wizard flickers and vanishes!
You block the acid dragon's attack.
The acid dragon claws you but does no damage.
You sock the acid dragon! Your headbutt misses the acid dragon.
The acid dragon is almost dead.
You block the orc's attack. You block the acid dragon's attack. x2
You closely miss the acid dragon. Your headbutt misses the acid dragon.
The acid dragon is almost dead.
The orc hits you with a +0 hand axe of electrocution.
* * * LOW HITPOINT WARNING * * *
You are electrocuted!
You die...

##..# #...##
..
##....####....
##..........#
#.......#####
#####..##
##..# #..##
##o@# ###D#
#{# #o#


ooo ... ... ... You could see an acid dragon, an orc priest and 4 orcs.

Vanquished Creatures
  Menkaure (D:6)
  A water moccasin (D:6)
  An orc warrior (D:6)
  A sky beast (D:6)
  A phantom (D:2)
  Blork the orc (D:6)
  A scorpion (D:6)
  A water moccasin zombie (D:5)
  4 wights (D:6)
  A bullfrog zombie (D:5)
  A centaur zombie (D:5)
  4 hounds
  A gnoll bouda (D:6)
  A jelly (D:3)
  Ijyb (D:4)
  7 iguanas
  A killer bee zombie (D:5)
  A hound zombie (D:5)
  6 adders
  A shadow imp (D:5)
  A white imp (D:6)
  2 dart slugs
  12 orcs
  6 bats
  8 endoplasms
  A giant cockroach (D:2)
  5 goblins
  5 hobgoblins
  2 jackals (D:3)
  3 quokkas
  5 ball pythons
  A frilled lizard (D:2)
  A kobold (D:4)
  8 rats
97 creatures vanquished.

Vanquished Creatures (others)
  An orc (D:4)
1 creature vanquished.

Grand Total: 98 creatures vanquished

Notes
Turn   | Place    | Note
-------+----------+-------------------------------------------
     0 | D:1      | asti the Minotaur Fighter began the quest for the Orb.
     0 | D:1      | Reached XP level 1. HP: 19/19 MP: 0/0
   522 | D:2      | Reached XP level 2. HP: 27/27 MP: 1/1
   553 | D:2      | Noticed a phantom
   561 | D:2      | Killed a phantom
   562 | D:2      | Reached skill level 3 in Maces & Flails
   562 | D:2      | Reached XP level 3. HP: 33/33 MP: 2/2
   562 | D:2      | Reached XP level 4. HP: 40/40 MP: 3/3
   743 | D:2      | Reached skill level 4 in Maces & Flails
   879 | D:2      | Found an ancient bone altar of Kikubaaqudgha.
  1357 | D:3      | Reached XP level 5. HP: 22/47 MP: 4/4
  1873 | D:4      | Noticed Ijyb
  1885 | D:4      | Killed Ijyb
  1886 | D:4      | Reached skill level 5 in Maces & Flails
  1894 | D:4      | Reached XP level 6. HP: 38/55 MP: 5/5
  1997 | D:4      | Found Zuaguhus's Gadget Gallery.
  2055 | D:4      | Identified the +5 leather armour "Umeoc" {Rampage}
  2147 | D:4      | Found an ornate altar of the Wu Jian Council.
  2354 | D:5      | Entered Level 5 of the Dungeon
  2486 | D:5      | Reached skill level 5 in Fighting
  2486 | D:5      | Reached skill level 5 in Armour
  2486 | D:5      | Reached skill level 5 in Shields
  2945 | D:5      | Found a basalt altar of Yredelemnul.
  2966 | D:5      | Reached skill level 6 in Maces & Flails
  2966 | D:5      | Reached XP level 7. HP: 57/61 MP: 6/6
  3215 | D:5      | Found a glowing golden altar of the Shining One.
  3219 | D:5      | Found a shimmering blue altar of Sif Muna.
  3223 | D:5      | Found an ancient bone altar of Kikubaaqudgha.
  3533 | D:6      | Reached skill level 7 in Maces & Flails
  3536 | D:6      | HP: 3/62 [iguana (8)]
  3764 | D:6      | Noticed Blork the orc
  3773 | D:6      | Reached XP level 8. HP: 38/70 MP: 7/7
  3773 | D:6      | Noticed Menkaure
  3777 | D:6      | Killed Blork the orc
  3779 | D:6      | HP: 3/70 [??? (1)]
  3783 | D:6      | Killed Menkaure
  4074 | D:6      | Reached skill level 8 in Maces & Flails
  4481 | D:7      | HP: 2/71 [orc/+0 hand axe of electrocution (3)]
  4481 | D:7      | Mangled by an orc

Illustrated notes

Levels and vault maps discovered:
D:1:      lemuel_arrival_river_ford, layout_basic
D:2:      minmay_inner_zag, layout_loops_ring, basic_altar
D:3:      layout_basic
D:4:      layout_cave_pools, nicolae_wu_jian_glorious_leap,
          nicolae_shop_gadgets, uniq_ijyb
D:5:      layout_loops_ring, nicolae_yredelemnul_corpse_copse,
          gammafunk_temple_overflow_forgotten, nicolae_hexahallways
D:6:      layout_loops_ring, kennysheep_generic_room_3, uniq_blork_the_orc,
          uniq_menkaure
D:7:      layout_layer_cave, minmay_temple_entry_wispy, serial_shops,
          nicolae_shop_tiny_statue_garden

Skill      XL: |  1  2  3  4  5  6  7  8 |
---------------+-------------------------+-----
Fighting       | 4 5 6 |  6.7
Maces & Flails | 3 4 5 6 7 8 |  8.4
Armour         | 4 5 6 |  6.7
Shields        | 4 5 6 |  6.7

Action                     |  1- 3 |  4- 6 |  7- 9 || total
---------------------------+-------+-------+-------++-------
  Melee: Flail             |    28 |   144 |   109 ||   281
         Headbutt          |       |    19 |    18 ||    37
    Use: Potion            |       |       |     2 ||     2
 Armour: Chain mail        |    10 |    47 |       ||    57
         Scale mail        |     4 |       |       ||     4
         Leather armour    |       |    16 |    18 ||    34
  Dodge: Dodged            |    13 |   101 |    53 ||   167
  Block: Buckler           |    12 |    26 |       ||    38
         Kite shield       |       |    24 |    50 ||    74

Table legend: (Time is in decaauts)
 A = Elapsed time spent in this place.
 B = Non-inter-level travel time spent in this place.
 C = Inter-level travel time spent in this place.
 D = Time resting spent in this place.
 E = Time spent auto-exploring this place.
 F = Levels seen in this place.
 G = Mean time per level.
                   A        B        C        D        E       F      G
               +--------+--------+--------+--------+--------+-----+--------+
         Total |   4539 |   4459 |     80 |    387 |   3089 |   7 |  648.4 |
       Dungeon |   4539 |   4459 |     80 |    387 |   3089 |   7 |  648.4 |
               +--------+--------+--------+--------+--------+-----+--------+

Top non-repeatable levels by time:
     D:6: 1136 daAuts
     D:5: 990 daAuts
     D:2: 805 daAuts
     D:4: 542 daAuts
     D:1: 524 daAuts
     D:3: 516 daAuts
     D:7: 23 daAuts
